 Dungeon Crawl Stone Soup version 0.21-a0-404-g291f19a (webtiles) character file.

5534 graki42 the Martial Artist (level 10, -4/74 HPs)
             Began as an Octopode Transmuter on Oct 26, 2017.
             Slain by a troll (11 damage)
             ... on level 8 of the Dungeon on Oct 27, 2017.
             The game lasted 00:39:12 (13233 turns).

graki42 the Martial Artist (Octopode Transmuter)   Turns: 13233, Time: 00:39:12

Health: -4/74      AC:  6    Str: 10    XL:     10   Next: 71%
Magic:  16/19      EV: 13    Int: 15    God:
Gold:   527        SH:  0    Dex: 16    Spells: 6/21 levels left

rFire    x . .     SeeInvis .     - Unarmed
rCold    + + +     Gourm    +   (shield currently unavailable)
rNeg     . . .     Faith    .   (helmet currently unavailable)
rPois    +         Spirit   .   M - amulet of the gourmand
rElec    .         Reflect  .   w - ring of stealth
rCorr    +         Harm     .   p - ring of poison resistance
MR       .....                  F - ring of stealth
Stlth    ++++++....             H - ring of resist corrosion
HPRegen  0.22/turn              (no ring)
MPRegen  0.16/turn              (no ring)
                                (no ring)
                                (no ring)

@: ice-form, very slightly contaminated
A: almost no armour, stealthy swim, amphibious, 8 rings, (constrict 8)
a: End Transformation


You were on level 8 of the Dungeon.
You were very full.
You were a creature of crystalline ice.
You visited 1 branch of the dungeon, and saw 9 of its levels.
You also visited: Sewer.

You collected 527 gold pieces.

Inventory:

Missiles
 a - 108 arrows (quivered)
Jewellery
 k - the ring of Shadows {Umbra +Inv Stlth+}
   (You found it on level 9 of the Dungeon)

   [ring of stealth]

   It lets you turn invisible.
   It makes you more stealthy.
 p - a ring of poison resistance (right front paw)
 w - a ring of stealth (left front paw)
 F - a ring of stealth (on tentacle)
 H - a ring of resist corrosion (on tentacle)
 M - an amulet of the gourmand (around neck)
Wands
 b - a wand of digging (15/24)
 l - a wand of iceblast (4/15)
 v - a wand of iceblast (8/15)
 x - a wand of lightning (13/15)
 D - a wand of clouds (5/9)
 G - a wand of random effects (32/48)
 L - a wand of clouds (5/9)
Scrolls
 g - 2 scrolls of magic mapping
 h - a scroll of identify
 i - 6 scrolls of teleportation
 q - a scroll of fog
 y - a scroll of enchant armour
 A - 3 scrolls of immolation
 B - a scroll of recharging
 C - 2 scrolls of remove curse
Potions
 d - 3 potions of curing
 e - a potion of might {unknown}
 m - 3 potions of mutation {unknown}
 n - 4 potions of degeneration {unknown}
 r - a potion of cancellation
 s - 2 potions of brilliance {unknown}
 t - a potion of agility
 u - 2 potions of flight {unknown}
 z - 3 potions of invisibility {unknown}
 K - a potion of resistance
Books
 I - a book of Changes

   Spells                             Type                      Level
   a - Beastly Appendage              Transmutation                1
   b - Sticks to Snakes               Transmutation                2
   c - Spider Form                    Transmutation/Poison         3
   d - Ice Form                       Ice/Transmutation            4
   e - Blade Hands                    Transmutation                5
Comestibles
 c - 6 bread rations
 f - 2 royal jellies
 j - a meat ration
 E - 13 fruits


   Skills:
 + Level 2.8 Fighting
 + Level 5.3 Dodging
 + Level 8.1 Stealth
 + Level 9.2 Unarmed Combat
 + Level 6.0 Spellcasting
 + Level 5.9 Transmutations
 * Level 4.3 Ice Magic
 - Level 4.0 Poison Magic


You had 6 spell levels left.
You knew the following spells:

 Your Spells              Type           Power        Failure   Level  Hunger
a - Beastly Appendage     Tmut           ###...       1%          1    None
b - Spider Form           Tmut/Pois      ###.......   5%          3    ##.....
c - Sticks to Snakes      Tmut           ###.....     1%          2    #......
d - Ice Form              Ice/Tmut       ###.....     17%         4    ####...
e - Blade Hands           Tmut           ###.......   34%         5    ######.


Dungeon Overview and Level Annotations

Branches:
Dungeon (9/15)             Temple (0/1) D:6             Orc (0/2) D:9
   Lair: D:8-11

Altars:
Hepliaklqana
Nemelex Xobeh

Shops:
D:5 =

Annotations:
D:4 kkknotok's ghost, novice OpTm


Innate Abilities, Weirdness & Mutations

You cannot wear most types of armour.
You are very stealthy in the water. (Stealth+)
You are amphibious.
You can wear up to eight rings at the same time.
((You can use your tentacles to constrict eight enemies at once.))
((Your skin changes colour to match your surroundings (Stealth+).))
((Your rubbery body absorbs attacks. (AC +1, EV +1)))


Message History

The troll is heavily wounded.
The troll closely misses you. The troll claws you!
* * * LOW HITPOINT WARNING * * *
The troll claws you but does no damage.
You hit the troll but do no damage.
The troll is heavily wounded.
The troll barely misses you. The troll closely misses you. The troll claws you.
* * * LOW HITPOINT WARNING * * *
You hit the troll. You freeze the troll.
The troll is heavily wounded.
You barely miss the troll.
The troll is heavily wounded.
The troll barely misses you. x2; The troll misses you.
Okay, then.
As you read the scroll of teleportation, it crumbles to dust.
You feel strangely unstable. The troll misses you.
The troll claws you but does no damage. x2
Your surroundings seem slightly different.
The troll barely misses you. x2; The troll claws you!
You die...

#....##...#.....+..[..........#
#....#######....#.............#
#....##.[.##....##...#######'##
#.........##....##...##...#....
#.........................#....
#...............[.........#....
#....##...##..............#....
#....##...##...T##...####'#....
#######...##..Y.##...#.........
#................#...#.........
#................#...#.........
#................#...#.........
#....#######.....#...#.........
######.....#....######.........
#.....##'####.....########
#.....#.....#.....#.......
#.....#.....'.....#.......


You could see a troll.

Vanquished Creatures
  A two-headed ogre (D:9)
  Pikel (D:5)
  Maurice (D:8)
  A shadow (D:9)
  2 water moccasins
  2 orc warriors (D:9)
  A sky beast (D:6)
  2 black bears
  3 ice beasts
  6 ogres
  4 centaurs
  A crocodile (D:8)
  4 big kobolds
  A bullfrog (D:6)
  3 gnoll sergeants
  A wyvern skeleton (D:7)
  2 scorpions
  3 wights (D:7)
  5 howler monkeys
  7 crimson imps
  2 bullfrog zombies
  A quasit (D:9)
  An orc priest (D:8)
  4 hounds
  A jelly (D:7)
  An iguana (D:7)
  4 orc wizards (D:8)
  4 worker ants
  A killer bee zombie (D:9)
  A hound skeleton (D:4)
  A worker ant zombie (D:7)
  Robin (D:2)
  A howler monkey skeleton (D:4)
  15 adders
  5 gnolls
  3 shadow imps
  An ooze (D:6)
  An adder zombie (D:6)
  2 adder skeletons
  2 worms
  A dart slug (D:1)
  8 leopard geckos
  7 orcs
  5 giant cockroaches
  13 goblins
  11 hobgoblins
  20 jackals
  8 quokkas
  4 ball pythons (Sewer)
  3 bats
  6 frilled lizards
  13 kobolds
  A quokka skeleton (D:9)
  7 rats
  9 plants (Sewer)
219 creatures vanquished.

Vanquished Creatures (others)
  A worker ant (D:5)
1 creature vanquished.

Grand Total: 220 creatures vanquished

Notes
Turn   | Place    | Note
-------+----------+-------------------------------------------
     0 | D:1      | graki42 the Octopode Transmuter began the quest for the Orb.
     0 | D:1      | Reached XP level 1. HP: 13/13 MP: 3/3
   338 | D:1      | Reached XP level 2. HP: 18/18 MP: 3/5
   724 | D:1      | Reached XP level 3. HP: 15/23 MP: 4/6
   793 | D:1      | Learned a level 3 spell: Spider Form
   796 | D:1      | Learned a level 2 spell: Sticks to Snakes
   974 | D:1      | Reached skill level 1 in Stealth
  1914 | D:2      | Noticed Robin
  1915 | D:2      | Reached XP level 4. HP: 27/28 MP: 3/7
  1926 | D:2      | Killed Robin
  2723 | D:3      | Reached skill level 4 in Unarmed Combat
  3069 | D:4      | Noticed kkknotok's ghost (novice OpTm)
  3084 | D:4      | Reached XP level 5. HP: 17/33 MP: 4/9
  3480 | D:3      | Reached skill level 1 in Poison Magic
  3650 | D:4      | Reached XP level 6. HP: 35/38 MP: 7/10
  4293 | D:4      | Learned a level 4 spell: Ice Form
  4382 | D:5      | Entered Level 5 of the Dungeon
  4464 | D:5      | Reached skill level 5 in Unarmed Combat
  4464 | D:5      | Reached XP level 7. HP: 12/43 MP: 9/12
  4525 | D:5      | Found Douroeth's Jewellery Shoppe.
  4536 | D:5      | Found a glowing drain.
  4555 | Sewer    | Entered a sewer
  5626 | D:5      | Noticed Pikel
  5664 | D:5      | Killed Pikel
  5664 | D:5      | Reached skill level 6 in Unarmed Combat
  5664 | D:5      | Reached XP level 8. HP: 10/50 MP: 12/14
  5944 | D:5      | Found a transporter.
  6059 | D:5      | Found a transporter.
  6477 | D:6      | Reached skill level 5 in Stealth
  6584 | D:6      | Found a staircase to the Ecumenical Temple.
  6981 | D:6      | Found a sparkling altar of Nemelex Xobeh.
  7048 | D:6      | Reached skill level 7 in Unarmed Combat
  7048 | D:6      | Reached XP level 9. HP: 54/54 MP: 13/16
  8153 | D:7      | Reached skill level 5 in Spellcasting
  8318 | D:7      | Learned a level 5 spell: Blade Hands
  8728 | D:7      | Reached skill level 1 in Ice Magic
  9313 | D:8      | Found a hazy altar of Hepliaklqana.
  9322 | D:8      | Noticed Maurice
  9338 | D:8      | Reached skill level 5 in Transmutations
  9353 | D:8      | Killed Maurice
  9353 | D:8      | Reached skill level 8 in Unarmed Combat
 10156 | D:9      | Reached XP level 10. HP: 61/61 MP: 16/18
 10289 | D:9      | Noticed a two-headed ogre
 11165 | D:9      | Killed a two-headed ogre
 11165 | D:9      | Reached skill level 5 in Dodging
 11637 | D:9      | Reached skill level 9 in Unarmed Combat
 11684 | D:9      | Found the ring of Shadows {Umbra +Inv Stlth+}
 11694 | D:9      | Found a staircase to the Orcish Mines.
 12086 | D:9      | HP: 3/73 [troll (9)]
 13216 | D:8      | HP: 3/74 [troll (6)]
 13233 | D:8      | Slain by a troll

Vault maps used:
D:1:      scummos_arrival_simple_crosswalls
D:2:      uniq_robin
D:3:      wad_lake_hut, st_stairs_14
D:4:      guppyfry_shop_venom
D:5:      gammafunk_cloud_chamber, cheibrodos_sewer_entry_bend, serial_shops,
          shop, first_bread, uniq_pikel
D:6:      minmay_temple_entry_water_ring, kennysheep_pointless_box, bh_chokoban,
          nemelex_dance_club_becter
D:7:      kennysheep_generic_room_10
D:8:      kennysheep_mini, uniq_maurice
D:9:      kennysheep_orc_monster_closet_entryway
Sewer:    sewer_co_scattered_pipes

Skill      XL: |  1  2  3  4  5  6  7  8  9 10 |
---------------+-------------------------------+-----
Stealth        | 1 2 3 4 5 6 8 |  8.1
Unarmed Combat | 4 5 6 7 8 9 |  9.2
Spellcasting   | 3 4 5 6 |  6.0
Poison Magic   | 1 2 3 4 |  4.0
Transmutations | 3 4 5 |  5.9
Dodging        | 3 4 5 |  5.3
Fighting       | 2 |  2.8
Ice Magic      | 2 4 |  4.3

Action                   |  1- 3 |  4- 6 |  7- 9 | 10-12 || total
-------------------------+-------+-------+-------+-------++-------
Melee: Unarmed           |    74 |   135 |   500 |   129 ||   838
       Kick              |    14 |    10 |    69 |     6 ||    99
       Constrict         |    12 |    13 |    54 |     4 ||    83
       Tentacles         |     5 |     6 |    84 |     5 ||   100
       Punch             |       |       |    20 |     1 ||    21
 Cast: Beastly Appendage |    17 |    10 |    29 |     4 ||    60
       Spider Form       |    10 |    13 |    26 |    10 ||    59
       Sticks to Snakes  |       |     2 |     1 |       ||     3
       Ice Form          |       |       |       |     9 ||     9
  Use: Scroll            |       |    11 |     2 |     4 ||    17
       Potion            |       |       |     1 |     2 ||     3
 Stab: Sleeping          |     4 |     6 |    23 |     5 ||    38
       Fleeing           |       |       |       |     1 ||     1
  Eat: Chunk             |     4 |     9 |    22 |    14 ||    49
       Fruit             |       |     2 |       |       ||     2
       Meat ration       |       |       |       |     1 ||     1
Armor: Skin              |     5 |     4 |    17 |    13 ||    39
Dodge: Dodged            |    43 |   106 |   224 |   104 ||   477

Table legend:
 A = Spawn XP
 B = Non-spawn XP
 C = Spawn XP percentage of total XP
 D = Spawn monster count
 E = Non-spawn monster count
 F = Spawn count percentage of total count
 G = Total turns spent on level
                    A         B        C        D         E        F      G
               +---------+---------+-------+---------+---------+-------+---------
         Total |       0 |    7906 |   0.0 |       0 |     208 |   0.0 | 13233
               +---------+---------+-------+---------+---------+-------+---------
           D:1 |       0 |      49 |   0.0 |       0 |      26 |   0.0 |  1192
           D:2 |       0 |      56 |   0.0 |       0 |      17 |   0.0 |   911
           D:3 |       0 |      97 |   0.0 |       0 |      18 |   0.0 |  1738
           D:4 |       0 |     286 |   0.0 |       0 |      13 |   0.0 |   543
           D:5 |       0 |    1102 |   0.0 |       0 |      14 |   0.0 |  1195
           D:6 |       0 |     890 |   0.0 |       0 |      17 |   0.0 |  1394
           D:7 |       0 |    1123 |   0.0 |       0 |      21 |   0.0 |  1556
           D:8 |       0 |    1244 |   0.0 |       0 |      31 |   0.0 |  2815
           D:9 |       0 |    2991 |   0.0 |       0 |      29 |   0.0 |  1187
         Sewer |       0 |      68 |   0.0 |       0 |      22 |   0.0 |   702
               +---------+---------+-------+---------+---------+-------+---------
